 Dungeon Crawl Stone Soup version 0.21-a0-634-gaf8bc5d (webtiles) character file.

10651 wirefist the Grappler (level 11, 0/117 HPs)
             Began as a Troll Berserker on Dec 29, 2017.
             Was a High Priest of Trog.
             Shot with an arrow by a centaur (14 damage)
             ... on level 9 of the Dungeon.
             The game lasted 00:29:28 (8743 turns).

wirefist the Grappler (Troll Berserker)             Turns: 8743, Time: 00:29:29

Health: 0/117      AC:  8    Str: 25 (27) XL:     11   Next: 39%
Magic:  10/10      EV: 14    Int:  2 (3)  God:    Trog [*****.]
Gold:   534        SH:  5    Dex: 15 (16) Spells: 10/10 levels left

rFire    . . .     SeeInvis .     - Unarmed
rCold    . . .     Gourm    +   (no shield)
rNeg     . . .     Faith    .   K - +2 robe {MR+}
rPois    +         Spirit   .   (helmet restricted)
rElec    .         Reflect  +   u - +0 cloak
rCorr    .         Harm     .   (gloves unavailable)
MR       +++..                  (boots unavailable)
Stlth    +.........             q - +5 amulet of reflection
HPRegen  1.69/turn              n - ring of poison resistance
MPRegen  0.12/turn              o - +4 ring of dexterity

@: berserk cooldown, very slightly contaminated, regenerating, slowed, very slow
A: large, unfitting armour, claws 3, fast metabolism 3, gourmand, regeneration
1, shaggy fur 1, tough skin 2
a: Berserk, Trog's Hand, Brothers in Arms, Burn Spellbooks, Renounce Religion


You were on level 9 of the Dungeon.
You worshipped Trog.
Trog was extremely pleased with you.
You were not hungry.

You visited 2 branches of the dungeon, and saw 10 of its levels.

You collected 608 gold pieces.
You spent 74 gold pieces at shops.

Inventory:

Hand Weapons
 F - a +4 antimagic great sword
Missiles
 y - 8 javelins of penetration (quivered)
Armour
 a - a +0 animal skin
 u - a +0 cloak (worn)
 K - a +2 robe of magic resistance (worn)
Jewellery
 e - an uncursed amulet of magic regeneration {unknown}
 n - a ring of poison resistance (left claw)
 o - a +4 ring of dexterity (right claw)
 q - a +5 amulet of reflection (around neck)
 s - an uncursed ring of resist corrosion
 B - an uncursed amulet of harm {unknown}
Wands
 j - a wand of digging (31)
 w - a wand of enslavement (8)
 G - a wand of random effects (17)
 H - a wand of acid (5)
 I - a wand of iceblast (6)
Scrolls
 c - a scroll of identify
 g - 2 scrolls of teleportation
 h - a scroll of enchant weapon
 m - a scroll of enchant armour {unknown}
 t - a scroll of blinking
 D - a scroll of fear
 L - a scroll of remove curse {unknown}
 N - a scroll of summoning {unknown}
Potions
 d - a potion of flight {unknown}
 f - a potion of mutation {unknown}
 i - a potion of brilliance {unknown}
 k - a potion of invisibility {unknown}
 l - 2 potions of curing
 r - a potion of resistance
 v - a potion of haste
 x - a potion of agility
 z - a potion of cancellation {unknown}
 A - a potion of lignification {unknown}
 C - a potion of heal wounds {unknown}
 E - a potion of might
Books
 J - a book of Frost

   Spells                             Type                      Level
   a - Freeze                         Ice                          1
   b - Throw Frost                    Conjuration/Ice              2
   c - Ozocubu's Armour               Charms/Ice                   3
   d - Throw Icicle                   Conjuration/Ice              4
   e - Summon Ice Beast               Ice/Summoning                4
   Trog disapproves of the use of such an item.
 M - a book of Frost

   Spells                             Type                      Level
   a - Freeze                         Ice                          1
   b - Throw Frost                    Conjuration/Ice              2
   c - Ozocubu's Armour               Charms/Ice                   3
   d - Throw Icicle                   Conjuration/Ice              4
   e - Summon Ice Beast               Ice/Summoning                4
   Trog disapproves of the use of such an item.
Comestibles
 b - 30 rations


   Skills:
 + Level 9.9 Fighting
 + Level 7.6 Dodging
 + Level 11.5 Unarmed Combat


You had 10 spell levels left.
You didn't know any spells.

Dungeon Overview and Level Annotations

Branches:
Dungeon (9/15)             Temple (1/1) D:7            Lair (0/6) D:8
    Orc: D:9-12

Altars:
Ashenzari
Cheibriados
Dithmenos
Elyvilon
Fedhas
Gozag
Hepliaklqana
Kikubaaqudgha
Makhleb
Nemelex Xobeh
Okawaru
Qazlal
Ru
Sif Muna
Trog
Uskayaw
Vehumet
Wu Jian
Xom
Yredelemnul
Zin
The Shining One

Shops:
D:6 *   D:8 *


Innate Abilities, Weirdness & Mutations

You are too large for most types of armour.
You have claws for hands.
Your metabolism is lightning-fast.
You like to eat raw meat.
Your natural rate of healing is unusually fast.
You are covered in fur. (AC +1)
You have very tough skin. (AC +2)


Message History

You feel your anger nearly subside.
You are no longer berserk.
You are exhausted.
You feel yourself slow down.
Blink to where?
Press: ? - help, Dir - move target cursor You are very lightly contaminated with residual magic.
As you read the scroll of blinking, it crumbles to dust.
The centaur shoots an arrow.
You reflect the arrow off an invisible shield around you!
The arrow hits the centaur!
The centaur shoots an arrow.
The arrow hits you but does no damage.
The centaur shoots an arrow.
You reflect the arrow off an invisible shield around you!
The arrow hits the centaur!
The centaur dies!
The centaur shoots an arrow.
The arrow barely misses you.
The centaur wields a shortbow.
The centaur shoots an arrow.
The arrow hits you!
* * * LOW HITPOINT WARNING * * *
The centaur shoots an arrow.
The arrow hits you!
You die...

#...............>.(..♣♣♣♣♣♣♣..♣..
#...................♣♣♣.♣.♣♣...♣.
'................♣♣♣.♣♣..♣♣..♣.♣.
#.............♣.♣.♣♣♣.c...≈≈..♣..
#............♣..♣..♣..cc♣≈≈≈.♣...
#....#####...♣♣♣.♣....♣.(.♣≈≈..♣.
.....# #...♣♣♣♣....###c###.≈♣.♣
###### #...♣.♣.(♣.##...cc##≈≈♣.
#....♣♣@♣♣###.###T###≈≈.
#.....♣♣.# ..# #T.##≈♣
#.....♣.##### #####. #
#....♣...## ##.♣ # #...♣♣....##
##... # #...♣.♣....## ##≈≈.♣ #
#...♣♣.♣....#######≈≈≈≈.
##########....♣♣.♣.......♣.≈≈≈≈..
..................♣.♣♣..♣♣.♣≈≈♣..


You could see 3 centaurs.

Vanquished Creatures
  2 two-headed ogres
  Pikel (D:5)
  An elephant (D:8)
  Joseph (D:8)
  2 trolls (D:9)
  A hippogriff (D:8)
  Sigmund (D:2)
  A wyvern (D:8)
  A hungry ghost (D:9)
  11 yaks
  Menkaure (D:7)
  An orc warrior (D:8)
  A sky beast (D:8)
  A slave (D:5)
  7 ogres
  An ice beast (D:7)
  2 phantoms (D:9)
  4 centaurs
  2 crocodiles (D:8)
  3 bullfrogs (D:8)
  A big kobold (D:7)
  Blork the orc (D:5)
  A gnoll sergeant (D:9)
  A scorpion (D:9)
  41 killer bees (D:9)
  4 wights (D:7)
  A howler monkey (D:6)
  A crimson imp (D:5)
  A centaur zombie (D:7)
  A bullfrog zombie (D:6)
  4 hounds
  7 orc priests
  7 orc wizards
  A centaur skeleton (D:4)
  A gnoll shaman (D:5)
  A jelly (D:5)
  Crazy Yiuf (D:3)
  A bullfrog skeleton (D:8)
  An iron imp (D:8)
  7 worker ants
  A statue (D:5)
  A hound zombie (D:5)
  A howler monkey zombie (D:5)
  17 adders
  16 gnolls
  An ooze (D:1)
  An adder zombie (D:8)
  3 worms
  A dart slug (D:2)
  5 leopard geckos
  31 orcs
  3 ball pythons
  7 bats
  11 giant cockroaches
  17 goblins
  27 hobgoblins
  4 jackals (D:5)
  17 kobolds
  3 quokkas
  6 frilled lizards
  A leopard gecko zombie (D:7)
  7 rats
310 creatures vanquished.

Vanquished Creatures (others)
  2 centaurs
  A leopard gecko (D:5)
3 creatures vanquished.

Grand Total: 313 creatures vanquished

Notes
Turn   | Place    | Note
-------+----------+-------------------------------------------
     0 | D:1      | wirefist the Troll Berserker began the quest for the Orb.
     0 | D:1      | Reached XP level 1. HP: 22/22 MP: 0/0
    62 | D:1      | Reached XP level 2. HP: 29/29 MP: 1/1
   666 | D:2      | Reached XP level 3. HP: 36/36 MP: 2/2
   758 | D:2      | Reached XP level 4. HP: 41/45 MP: 3/3
   832 | D:2      | Reached ** piety under Trog
   974 | D:2      | Found a shattered altar of Ashenzari.
   974 | D:2      | Found an iron altar of Okawaru.
   977 | D:2      | Found a basalt altar of Yredelemnul.
  1093 | D:2      | Found a bloodstained altar of Trog.
  1371 | D:2      | Noticed Sigmund
  1386 | D:2      | Killed Sigmund
  1386 | D:2      | Reached skill level 4 in Unarmed Combat
  1386 | D:2      | Reached XP level 5. HP: 54/54 MP: 4/4
  1415 | D:2      | Reached XP level 6. HP: 57/62 MP: 5/5
  1880 | D:3      | Found a shadowy altar of Dithmenos.
  2006 | D:3      | Found a runed door.
  2146 | D:3      | Found a hazy altar of Hepliaklqana.
  2319 | D:3      | Reached skill level 5 in Unarmed Combat
  2332 | D:3      | Found an opulent altar of Gozag.
  2588 | D:3      | Noticed Crazy Yiuf
  2591 | D:3      | Killed Crazy Yiuf
  2664 | D:4      | Reached *** piety under Trog
  2699 | D:4      | Reached XP level 7. HP: 60/71 MP: 6/6
  3086 | D:4      | Received a gift from Trog
  3245 | D:4      | Reached skill level 5 in Fighting
  3245 | D:4      | Reached skill level 6 in Unarmed Combat
  3312 | D:5      | Entered Level 5 of the Dungeon
  3328 | D:5      | Noticed Blork the orc
  3347 | D:5      | Killed Blork the orc
  3493 | D:5      | Reached XP level 8. HP: 78/81 MP: 7/7
  3619 | D:5      | Found an ancient bone altar of Kikubaaqudgha.
  3698 | D:5      | Reached skill level 7 in Unarmed Combat
  3745 | D:5      | Noticed Pikel
  3780 | D:5      | Killed Pikel
  3780 | D:5      | Reached skill level 5 in Dodging
  3955 | D:5      | Found a radiant altar of Vehumet.
  3969 | D:5      | Reached skill level 8 in Unarmed Combat
  3969 | D:5      | Reached XP level 9. HP: 83/92 MP: 8/8
  4174 | D:6      | Reached **** piety under Trog
  4298 | D:6      | Found Ecle's Assorted Antiques.
  4353 | D:6      | Found a glowing golden altar of the Shining One.
  5874 | D:7      | Noticed a two-headed ogre
  5883 | D:7      | Killed a two-headed ogre
  5883 | D:7      | Reached skill level 9 in Unarmed Combat
  6061 | D:7      | Found a blossoming altar of Fedhas.
  6189 | D:7      | Noticed Menkaure
  6194 | D:7      | Killed Menkaure
  6369 | D:7      | Found a staircase to the Ecumenical Temple.
  6476 | Temple   | Entered the Ecumenical Temple
  6787 | D:8      | Found a snail-covered altar of Cheibriados.
  6787 | D:8      | Noticed Joseph
  6792 | D:8      | Reached XP level 10. HP: 104/104 MP: 9/9
  6795 | D:8      | Killed Joseph
  6882 | D:8      | Reached ***** piety under Trog
  6889 | D:8      | Found a staircase to the Lair.
  6889 | D:8      | Noticed an elephant
  6901 | D:8      | Killed an elephant
  7006 | D:8      | Reached skill level 10 in Unarmed Combat
  7237 | D:8      | Found Efris's Assorted Antiques.
  7244 | D:8      | Bought a glowing robe for 74 gold pieces
  7593 | D:9      | Noticed a two-headed ogre
  7603 | D:9      | Killed a two-headed ogre
  7814 | D:9      | Reached skill level 11 in Unarmed Combat
  7985 | D:9      | Reached XP level 11. HP: 109/115 MP: 10/10
  8024 | D:9      | Received a gift from Trog
  8598 | D:9      | Found a deep blue altar of Sif Muna.
  8743 | D:9      | Shot with an arrow by a centaur

Vault maps used:
D:1:      dpeg_arrival_radiant
D:2:      gammafunk_temple_overflow_forgotten, overflow_temple_1_default,
          first_ration, uniq_sigmund
D:3:      lemuel_coloured_pillars_altar, grunt_dithmenos_smoke,
          lemuel_round_altar, uniq_crazy_yiuf_cottage
D:5:      kennysheep_mini, vehumet_statue, uniq_pikel, uniq_blork_the_orc
D:6:      corexii_shantytown, tso_altar, serial_shops, shop,
          minmay_strange_pillars
D:7:      nicolae_overflow_hidden_temple, minmay_temple_entry_nine_rooms,
          grunt_ogre_cave, uniq_menkaure
D:8:      slow_altar_2, david_lair_generic, serial_shops, shop, uniq_joseph
D:9:      wad_woods_minihive, led_sif_pool
Temple:   jpeg_temple_island

Skill      XL: |  1  2  3  4  5  6  7  8  9 10 |
---------------+-------------------------------+-----
Fighting       | 3 4 5 6 7 9 |  9.9
Dodging        | 3 4 5 6 7 |  7.6
Unarmed Combat | 4 5 6 8 9 11 | 11.5

Action                   |  1- 3 |  4- 6 |  7- 9 | 10-12 || total
-------------------------+-------+-------+-------+-------++-------
Melee: Unarmed           |    66 |   168 |   316 |   287 ||   837
       Punch             |     1 |     1 |    12 |    13 ||    27
Invok: Berserk           |     1 |     2 |     4 |     6 ||    13
       Trog's Hand       |       |     2 |     3 |     1 ||     6
Evoke: Wand              |       |       |       |     1 ||     1
  Use: Scroll            |       |     5 |     7 |     5 ||    17
       Potion            |       |     1 |     2 |     4 ||     7
 Stab: Sleeping          |     1 |     3 |     5 |       ||     9
  Eat: Chunk             |    11 |    22 |    40 |    26 ||    99
Armor: Animal skin       |    16 |    42 |    59 |     6 ||   123
       Robe              |       |       |       |    65 ||    65
Dodge: Dodged            |    36 |   101 |   149 |   246 ||   532
Block: Other             |       |    11 |    58 |    69 ||   138
       Reflection        |       |       |     5 |     6 ||    11

Table legend:
 A = Spawn XP
 B = Non-spawn XP
 C = Spawn XP percentage of total XP
 D = Spawn monster count
 E = Non-spawn monster count
 F = Spawn count percentage of total count
 G = Total turns spent on level
                    A         B        C        D         E        F      G
               +---------+---------+-------+---------+---------+-------+---------
         Total |       0 |   15217 |   0.0 |       0 |     311 |   0.0 |  8743
               +---------+---------+-------+---------+---------+-------+---------
           D:1 |       0 |      33 |   0.0 |       0 |      16 |   0.0 |   622
           D:2 |       0 |     350 |   0.0 |       0 |      30 |   0.0 |  1015
           D:3 |       0 |     255 |   0.0 |       0 |      37 |   0.0 |  1025
           D:4 |       0 |     448 |   0.0 |       0 |      23 |   0.0 |   706
           D:5 |       0 |    1786 |   0.0 |       0 |      38 |   0.0 |   746
           D:6 |       0 |     268 |   0.0 |       0 |      47 |   0.0 |  1173
           D:7 |       0 |    2197 |   0.0 |       0 |      23 |   0.0 |  1232
           D:8 |       0 |    2782 |   0.0 |       0 |      28 |   0.0 |   773
           D:9 |       0 |    7098 |   0.0 |       0 |      69 |   0.0 |  1235
               +---------+---------+-------+---------+---------+-------+---------
